 Dungeon Crawl Stone Soup version 0.32-a0-422-g28b100f618 (webtiles) character file.

Game seed: 16243993913238709582

46 Xavori the Trooper (level 3, -3/30 HPs)
             Began as a Djinni Chaos Knight on Feb 21, 2024.
             Was a Plaything of Xom.
             Slain by a gnoll
             ... wielding a +0 halberd
              (8 damage)
             ... on level 2 of the Dungeon.
             The game lasted 00:00:37 (456 turns).

Xavori the Trooper (Djinni Chaos Knight)             Turns: 456, Time: 00:00:38

Health: -3/30      AC:  5    Str: 11    XL:     3   Next: 92%
Gold:   20         EV: 12    Int: 13    God:    Xom [...*..] SH:  0 Dex: 14

rFire   + + .        a - +0 falchion (chaos)
rCold   x . .        (no shield)
rNeg    . . .        b - +2 leather armour
rPois   ∞            (no helmet)
rElec   .            (no cloak)
rCorr   .            (no gloves)
SInv    .            (boots unavailable)
Will    .....        (no amulet)
Stlth   +            (no ring)
HPRegen 0.25/turn    (no ring)
MPRegen 0.00/turn

%: infuse magic (-4 HP)
@: flying
A: sickness immunity, fire resistance 2, cold vulnerability 1, float, innate
caster, HP casting, extra vitality 1
a: Renounce Religion


You were on level 2 of the Dungeon.
You worshipped Xom.
You were a favourite toy of Xom.
You visited 1 branch of the dungeon, and saw 2 of its levels.

You collected 20 gold pieces.

Inventory:

Hand Weapons
 a - a +0 falchion of chaos (weapon)
Armour
 b - a +2 leather armour (worn)
Scrolls
 c - a scroll of butterflies
 d - 2 scrolls of teleportation {unknown}
 e - a scroll of fear {unknown}
 g - a scroll of noise {unknown}
 i - a scroll of amnesia {unknown}
 j - a scroll of revelation {unknown}
Potions
 f - 2 potions of mutation {unknown}
 h - 2 potions of curing {unknown}
 k - a potion of attraction {unknown}


   Skills:
 + Level 3.2 Fighting
 + Level 3.0 Long Blades
 + Level 1.5 Armour
 + Level 2.6 Dodging
 * Level 1.2 Spellcasting
 * Level 1.2 Conjurations
 * Level 1.2 Hexes
   Level 0.0 Charms
 * Level 1.2 Summonings
 * Level 1.2 Necromancy
 * Level 1.2 Translocations
   Level 0.0 Transmutations
 * Level 1.2 Fire Magic
 * Level 1.2 Ice Magic
 * Level 1.2 Air Magic
 * Level 1.2 Earth Magic
 * Level 1.2 Alchemy


You knew the following spells:

 Your Spells              Type           Power      Damage    Failure   Level
a - Necrotise             Necr           16%        1d4       22%         1
Your spell library was empty.

Dungeon Overview and Level Annotations

Branches:
Dungeon (1/15)

Altars:


Innate Abilities, Weirdness & Mutations

You are immune to sickness and miasma.
You are immune to poison.
Your flesh is very heat resistant. (rF++)
You are vulnerable to cold. (rC-)
You float through the air rather than walking.
You learn spells naturally, not from books.
Your magical power is your life essence.
You have superior vitality. (+4 MHP)


Message History

The gnoll closely misses you. The gnoll completely misses you.
The gnoll barely misses you.
The gnoll hits you from afar with a +0 halberd!
* * * LOW HITPOINT WARNING * * *
Unknown command.
The gnoll attacks as it pursues you! The gnoll misses you.
The gnoll attacks as it pursues you! The gnoll closely misses you.
The bat attacks as it pursues you! The bat closely misses you.
The bat hits you but does no damage. The bat barely misses you.
There is an open door here.
The bat attacks as it pursues you! The bat closely misses you.
The bat barely misses you. The bat attacks as it pursues you!
The bat hits you but does no damage. x2
The bat hits you but does no damage. The bat hits you but does no damage.
The bat hits you but does no damage.
There is an open door here.
The bat attacks as it pursues you! The bat barely misses you. x2
The bat closely misses you. The bat closely misses you.
The bat hits you but does no damage. The bat hits you but does no damage.
You hit the bat.
You feel better.
You kill the bat!
The gnoll barely misses you.
The gnoll hits you from afar with a +0 halberd.
* * * LOW HITPOINT WARNING * * *
The gnoll hits you with a +0 halberd.
* * * LOW HITPOINT WARNING * * *
You barely miss the gnoll. The gnoll misses you. The gnoll barely misses you.
You hit the gnoll.
The gnoll is heavily wounded.
The gnoll closely misses you. The gnoll hits you with a +0 halberd.
* * * LOW HITPOINT WARNING * * *
You slash the gnoll!
You kill the gnoll!
The gnoll barely misses you.
Your Long Blades skill increases to level 3!
The gnoll hits you with a +0 halberd!
You die...

### ...# #######
#..##################.....######
#.........†...@g...'.....'.....
####################.....###...
#.).##)....# #.^. #..........#
#### #......##### #.....># ##
###....# #.. #....# #... #....#
#....


You could see a gnoll.

Vanquished Creatures
  2 gnolls (D:2)
  2 bats
  2 endoplasms
  2 goblins
  2 hobgoblins (D:1)
  3 ball pythons
  2 kobolds (D:1)
  A rat (D:1)
16 creatures vanquished.

Notes
Turn   | Place    | Note
-------+----------+-------------------------------------------
     0 | D:1      | Xavori the Djinni Chaos Knight began the quest for the Orb.
     0 | D:1      | Reached XP level 1. HP: 20/20 MP: 0/0
    26 | D:1      | Reached XP level 2. HP: 25/25 MP: 0/0
   253 | D:1      | XOM: divination: detect creatures
   301 | D:1      | You are sucked into a shaft and drop 1 floor!
   335 | D:2      | Reached XP level 3. HP: 29/30 MP: 0/0
   335 | D:2      | Learned a level 1 spell: Necrotise
   337 | D:2      | Reached skill level 1 in Spellcasting
   337 | D:2      | Reached skill level 1 in Conjurations
   337 | D:2      | Reached skill level 1 in Hexes
   337 | D:2      | Reached skill level 1 in Summonings
   337 | D:2      | Reached skill level 1 in Necromancy
   337 | D:2      | Reached skill level 1 in Translocations
   337 | D:2      | Reached skill level 1 in Fire Magic
   337 | D:2      | Reached skill level 1 in Ice Magic
   337 | D:2      | Reached skill level 1 in Air Magic
   337 | D:2      | Reached skill level 1 in Earth Magic
   337 | D:2      | Reached skill level 1 in Alchemy
   413 | D:2      | XOM: potion effect (curing)
   456 | D:2      | Slain by a gnoll

Illustrated notes

Levels and vault maps discovered:
D:1:      mrwooster_arrival_statue_3, layout_loops_ring
D:2:      layout_basic

Skill      XL: |  1  2  3 |
---------------+----------+-----
Spellcasting   | 1 |  1.2
Conjurations   | 1 |  1.2
Hexes          | 1 |  1.2
Summonings     | 1 |  1.2
Necromancy     | 1 |  1.2
Translocations | 1 |  1.2
Fire Magic     | 1 |  1.2
Ice Magic      | 1 |  1.2
Air Magic      | 1 |  1.2
Earth Magic    | 1 |  1.2
Alchemy        | 1 |  1.2
Long Blades    | 3 |  3.0
Fighting       | |  3.2
Armour         | |  1.5
Dodging        | |  2.6

Action                     || total
---------------------------++-------
  Melee: Falchion          ||    48
   Stab: Petrifying        ||     1
 Armour: Leather armour    ||    38
  Dodge: Dodged            ||    63

Table legend: (Time is in decaauts)
 A = Elapsed time spent in this place.
 B = Non-inter-level travel time spent in this place.
 C = Inter-level travel time spent in this place.
 D = Time resting spent in this place.
 E = Time spent auto-exploring this place.
 F = Levels seen in this place.
 G = Mean time per level.
                   A        B        C        D        E       F      G
               +--------+--------+--------+--------+--------+-----+--------+
         Total |    463 |    463 |      0 |      0 |    316 |   2 |  231.5 |
       Dungeon |    463 |    463 |      0 |      0 |    316 |   2 |  231.5 |
               +--------+--------+--------+--------+--------+-----+--------+

Top non-repeatable levels by time:
     D:1: 305 daAuts
     D:2: 158 daAuts
